[gd_scene load_steps=20 format=2]

[ext_resource path="res://models/vending/vending.gltf" type="PackedScene" id=1]
[ext_resource path="res://bloomtest.tres" type="Material" id=2]
[ext_resource path="res://orange_mat.tres" type="Material" id=3]
[ext_resource path="res://scripts/SmalltalkVM.cs" type="Script" id=4]
[ext_resource path="res://models/tiles/tiles.glb" type="PackedScene" id=5]
[ext_resource path="res://models/walls/walls.glb" type="PackedScene" id=6]
[ext_resource path="res://models/cafebench/cafebench.glb" type="PackedScene" id=7]
[ext_resource path="res://KinBod.tscn" type="PackedScene" id=8]
[ext_resource path="res://models/door/door.gltf" type="PackedScene" id=9]
[ext_resource path="res://models/vending2/vending2.gltf" type="PackedScene" id=10]
[ext_resource path="res://models/laptop/laptop.gltf" type="PackedScene" id=11]
[ext_resource path="res://models/counter/counter.tscn" type="PackedScene" id=12]
[ext_resource path="res://models/microwave/microwave.gltf" type="PackedScene" id=13]
[ext_resource path="res://models/papertowels/papertowels.gltf" type="PackedScene" id=14]
[ext_resource path="res://sounds/wakeupinthedark.ogg" type="AudioStream" id=15]
[ext_resource path="res://beep.ogg" type="AudioStream" id=16]

[sub_resource type="Environment" id=1]
ambient_light_color = Color( 0.219608, 0.215686, 0.215686, 1 )

[sub_resource type="CanvasItemMaterial" id=2]
blend_mode = 1

[sub_resource type="RectangleShape2D" id=3]
extents = Vector2( 76, 69 )

[node name="Spatial" type="Spatial"]
script = ExtResource( 4 )
memoryAddress = "Smalltalk5"
export = true
bytecodeFile = "res://SmalltalkBytecode.stb"

[node name="light" type="CSGBox" parent="."]
transform = Transform( 3.18376, 0, 0, 0, 0.0736113, 0, 0, 0, 1, -0.630273, 5.2166, 0.793458 )
material_override = ExtResource( 2 )

[node name="light2" type="CSGBox" parent="."]
transform = Transform( 2.66781, 0, 0, 0, 0.0736113, 0, 0, 0, 1, -0.630273, 5.2166, -12.5762 )
material_override = ExtResource( 2 )

[node name="OmniLight2" type="OmniLight" parent="."]
transform = Transform( 1, 0, 0, 0, 1, 0, 0, 0, 1, -1.12573, 3.86294, -12.6809 )
light_energy = 1.3
shadow_bias = 0.0
shadow_reverse_cull_face = true
omni_range = 11.0
omni_shadow_mode = 0

[node name="light3" type="CSGBox" parent="."]
transform = Transform( 2.66781, 0, 0, 0, 0.0736113, 0, 0, 0, 1, -0.630273, 5.2166, -23.0416 )
material_override = ExtResource( 2 )

[node name="OmniLight4" type="OmniLight" parent="."]
transform = Transform( 1, 0, 0, 0, 1, 0, 0, 0, 1, -0.648204, 3.86294, -22.6921 )
light_energy = 1.3
shadow_bias = 0.0
shadow_reverse_cull_face = true
omni_range = 11.0
omni_shadow_mode = 0

[node name="OmniLight3" type="OmniLight" parent="."]
transform = Transform( 1, 0, 0, 0, 1, 0, 0, 0, 1, -0.436973, 4.56038, 0.725698 )
light_energy = 1.3
shadow_bias = 0.0
shadow_reverse_cull_face = true
omni_range = 11.0
omni_shadow_mode = 0

[node name="floor" type="Spatial" parent="."]
transform = Transform( 1, 0, 0, 0, 1, 0, 0, 0, 1, 0, 0.222783, 0 )

[node name="tiles" parent="floor" instance=ExtResource( 5 )]
transform = Transform( 0.444385, 0, 0, 0, 0.444385, 0, 0, 0, 0.444385, -0.423032, 0.218049, -0.431386 )

[node name="tiles2" parent="floor" instance=ExtResource( 5 )]
transform = Transform( 0.444385, 0, 0, 0, 0.444385, 0, 0, 0, 0.444385, 8.46756, 0.218049, -0.431386 )

[node name="tiles3" parent="floor" instance=ExtResource( 5 )]
transform = Transform( 0.444385, 0, 0, 0, 0.444385, 0, 0, 0, 0.444385, -0.42015, 0.218049, 8.45632 )

[node name="tiles4" parent="floor" instance=ExtResource( 5 )]
transform = Transform( 0.444385, 0, 0, 0, 0.444385, 0, 0, 0, 0.444385, 8.46756, 0.218049, 8.45632 )

[node name="tiles5" parent="floor" instance=ExtResource( 5 )]
transform = Transform( 0.444385, 0, 0, 0, 0.444385, 0, 0, 0, 0.444385, -18.1971, 0.218049, -0.431386 )

[node name="tiles6" parent="floor" instance=ExtResource( 5 )]
transform = Transform( 0.444385, 0, 0, 0, 0.444385, 0, 0, 0, 0.444385, -9.30939, 0.218049, -0.431386 )

[node name="tiles7" parent="floor" instance=ExtResource( 5 )]
transform = Transform( 0.444385, 0, 0, 0, 0.444385, 0, 0, 0, 0.444385, -18.1971, 0.218049, 8.45632 )

[node name="tiles8" parent="floor" instance=ExtResource( 5 )]
transform = Transform( 0.444385, 0, 0, 0, 0.444385, 0, 0, 0, 0.444385, -9.30939, 0.218049, 8.45632 )

[node name="tiles9" parent="floor" instance=ExtResource( 5 )]
transform = Transform( 0.444385, 0, 0, 0, 0.444385, 0, 0, 0, 0.444385, -0.42015, 0.218049, -18.207 )

[node name="tiles10" parent="floor" instance=ExtResource( 5 )]
transform = Transform( 0.444385, 0, 0, 0, 0.444385, 0, 0, 0, 0.444385, 8.46756, 0.218049, -18.207 )

[node name="tiles11" parent="floor" instance=ExtResource( 5 )]
transform = Transform( 0.444385, 0, 0, 0, 0.444385, 0, 0, 0, 0.444385, -0.42015, 0.218049, -9.31928 )

[node name="tiles12" parent="floor" instance=ExtResource( 5 )]
transform = Transform( 0.444385, 0, 0, 0, 0.444385, 0, 0, 0, 0.444385, 8.46756, 0.218049, -9.31928 )

[node name="tiles13" parent="floor" instance=ExtResource( 5 )]
transform = Transform( 0.444385, 0, 0, 0, 0.444385, 0, 0, 0, 0.444385, -18.1971, 0.218049, -18.207 )

[node name="tiles14" parent="floor" instance=ExtResource( 5 )]
transform = Transform( 0.444385, 0, 0, 0, 0.444385, 0, 0, 0, 0.444385, -9.30939, 0.218049, -18.207 )

[node name="tiles17" parent="floor" instance=ExtResource( 5 )]
transform = Transform( 0.444385, 0, 0, 0, 0.444385, 0, 0, 0, 0.444385, -0.42015, 0.218049, -27.0911 )

[node name="tiles18" parent="floor" instance=ExtResource( 5 )]
transform = Transform( 0.444385, 0, 0, 0, 0.444385, 0, 0, 0, 0.444385, 8.46756, 0.218049, -27.0911 )

[node name="tiles19" parent="floor" instance=ExtResource( 5 )]
transform = Transform( 0.444385, 0, 0, 0, 0.444385, 0, 0, 0, 0.444385, -18.1971, 0.218049, -27.0748 )

[node name="tiles20" parent="floor" instance=ExtResource( 5 )]
transform = Transform( 0.444385, 0, 0, 0, 0.444385, 0, 0, 0, 0.444385, -9.30939, 0.218049, -27.0911 )

[node name="tiles15" parent="floor" instance=ExtResource( 5 )]
transform = Transform( 0.444385, 0, 0, 0, 0.444385, 0, 0, 0, 0.444385, -18.1971, 0.218049, -9.31928 )

[node name="tiles16" parent="floor" instance=ExtResource( 5 )]
transform = Transform( 0.444385, 0, 0, 0, 0.444385, 0, 0, 0, 0.444385, -9.30939, 0.218049, -9.31928 )

[node name="coll" type="CSGBox" parent="floor"]
transform = Transform( 20.5446, 0, 0, 0, 1, 0, 0, 0, 80.5475, -5.03542, -0.767289, -10.0699 )
visible = false
use_collision = true
material = ExtResource( 3 )

[node name="floor2" type="Spatial" parent="."]
transform = Transform( 1, 0, 0, 0, -1, 8.74228e-08, 0, -8.74228e-08, -1, 0, 5.38059, -10.9319 )

[node name="tiles" parent="floor2" instance=ExtResource( 5 )]
transform = Transform( 0.444385, 0, 0, 0, 0.444385, 0, 0, 0, 0.444385, -0.433747, 0.218049, -0.431386 )

[node name="tiles2" parent="floor2" instance=ExtResource( 5 )]
transform = Transform( 0.444385, 0, 0, 0, 0.444385, 0, 0, 0, 0.444385, 8.45684, 0.218049, -0.431386 )

[node name="tiles3" parent="floor2" instance=ExtResource( 5 )]
transform = Transform( 0.444385, 0, 0, 0, 0.444385, 0, 0, 0, 0.444385, -0.430865, 0.218049, 8.45632 )

[node name="tiles4" parent="floor2" instance=ExtResource( 5 )]
transform = Transform( 0.444385, 0, 0, 0, 0.444385, 0, 0, 0, 0.444385, 8.45684, 0.218049, 8.45632 )

[node name="tiles5" parent="floor2" instance=ExtResource( 5 )]
transform = Transform( 0.444385, 0, 0, 0, 0.444385, 0, 0, 0, 0.444385, -18.1971, 0.218049, -0.431386 )

[node name="tiles6" parent="floor2" instance=ExtResource( 5 )]
transform = Transform( 0.444385, 0, 0, 0, 0.444385, 0, 0, 0, 0.444385, -9.30939, 0.218049, -0.431386 )

[node name="tiles7" parent="floor2" instance=ExtResource( 5 )]
transform = Transform( 0.444385, 0, 0, 0, 0.444385, 0, 0, 0, 0.444385, -18.1971, 0.218049, 8.45632 )

[node name="tiles8" parent="floor2" instance=ExtResource( 5 )]
transform = Transform( 0.444385, 0, 0, 0, 0.444385, 0, 0, 0, 0.444385, -9.30939, 0.218049, 8.45632 )

[node name="tiles17" parent="floor2" instance=ExtResource( 5 )]
transform = Transform( 0.444385, 0, 0, 0, 0.444385, 0, 0, 0, 0.444385, -0.430865, 0.21805, 17.3265 )

[node name="tiles18" parent="floor2" instance=ExtResource( 5 )]
transform = Transform( 0.444385, 0, 0, 0, 0.444385, 0, 0, 0, 0.444385, 8.45684, 0.21805, 17.3265 )

[node name="tiles19" parent="floor2" instance=ExtResource( 5 )]
transform = Transform( 0.444385, 0, 0, 0, 0.444385, 0, 0, 0, 0.444385, -9.30939, 0.21805, 17.3265 )

[node name="tiles9" parent="floor2" instance=ExtResource( 5 )]
transform = Transform( 0.444385, 0, 0, 0, 0.444385, 0, 0, 0, 0.444385, -0.430865, 0.218049, -18.207 )

[node name="tiles10" parent="floor2" instance=ExtResource( 5 )]
transform = Transform( 0.444385, 0, 0, 0, 0.444385, 0, 0, 0, 0.444385, 8.45684, 0.218049, -18.207 )

[node name="tiles11" parent="floor2" instance=ExtResource( 5 )]
transform = Transform( 0.444385, 0, 0, 0, 0.444385, 0, 0, 0, 0.444385, -0.430865, 0.218049, -9.31928 )

[node name="tiles12" parent="floor2" instance=ExtResource( 5 )]
transform = Transform( 0.444385, 0, 0, 0, 0.444385, 0, 0, 0, 0.444385, 8.45684, 0.218049, -9.31928 )

[node name="tiles13" parent="floor2" instance=ExtResource( 5 )]
transform = Transform( 0.444385, 0, 0, 0, 0.444385, 0, 0, 0, 0.444385, -18.1971, 0.218049, -18.207 )

[node name="tiles14" parent="floor2" instance=ExtResource( 5 )]
transform = Transform( 0.444385, 0, 0, 0, 0.444385, 0, 0, 0, 0.444385, -9.30939, 0.218049, -18.207 )

[node name="tiles15" parent="floor2" instance=ExtResource( 5 )]
transform = Transform( 0.444385, 0, 0, 0, 0.444385, 0, 0, 0, 0.444385, -18.1971, 0.218049, -9.31928 )

[node name="tiles16" parent="floor2" instance=ExtResource( 5 )]
transform = Transform( 0.444385, 0, 0, 0, 0.444385, 0, 0, 0, 0.444385, -9.30939, 0.218049, -9.31928 )

[node name="coll" type="CSGBox" parent="floor2"]
transform = Transform( 20.5446, 0, 0, 0, 1, 0, 0, 0, 21.2705, -5.03542, -0.767289, -4.84525 )
visible = false
use_collision = true
material = ExtResource( 3 )

[node name="walls" type="Spatial" parent="."]
transform = Transform( 0.801241, 0, 0, 0, 0.801241, 0, 0, 0, 0.801241, 0, 0, 0 )

[node name="walls" parent="walls" instance=ExtResource( 6 )]
transform = Transform( 0.3, 0, 0, 0, 0.3, 0, 0, 0, 0.3, -18.2806, 3.46236, -38.428 )

[node name="walls2" parent="walls" instance=ExtResource( 6 )]
transform = Transform( 0.3, 0, 0, 0, 0.3, 0, 0, 0, 0.3, -12.2806, 3.46236, -38.428 )

[node name="walls3" parent="walls" instance=ExtResource( 6 )]
transform = Transform( 0.3, 0, 0, 0, 0.3, 0, 0, 0, 0.3, -6.28057, 3.46236, -38.428 )

[node name="walls4" parent="walls" instance=ExtResource( 6 )]
transform = Transform( 0.3, 0, 0, 0, 0.3, 0, 0, 0, 0.3, -0.280569, 3.46236, -38.428 )

[node name="walls5" parent="walls" instance=ExtResource( 6 )]
transform = Transform( 0.3, 0, 0, 0, 0.3, 0, 0, 0, 0.3, 5.71943, 3.46236, -38.428 )

[node name="walls6" parent="walls" instance=ExtResource( 6 )]
transform = Transform( 0.3, 0, 0, 0, 0.3, 0, 0, 0, 0.3, 11.7194, 3.46236, -38.428 )

[node name="walls7" parent="walls" instance=ExtResource( 6 )]
transform = Transform( -1.31134e-08, 0, 0.3, 0, 0.3, 0, -0.3, 0, -1.31134e-08, -13.3451, 3.46236, 11.4704 )

[node name="walls8" parent="walls" instance=ExtResource( 6 )]
transform = Transform( -1.31134e-08, 0, 0.3, 0, 0.3, 0, -0.3, 0, -1.31134e-08, -13.3451, 3.46236, 5.47045 )

[node name="walls9" parent="walls" instance=ExtResource( 6 )]
transform = Transform( -1.31134e-08, 0, 0.3, 0, 0.3, 0, -0.3, 0, -1.31134e-08, -13.3451, 3.46236, -0.529551 )

[node name="walls10" parent="walls" instance=ExtResource( 6 )]
transform = Transform( -1.31134e-08, 0, 0.3, 0, 0.3, 0, -0.3, 0, -1.31134e-08, -13.3451, 3.46236, -6.52955 )

[node name="walls11" parent="walls" instance=ExtResource( 6 )]
transform = Transform( -1.31134e-08, 0, 0.3, 0, 0.3, 0, -0.3, 0, -1.31134e-08, -13.3451, 3.46236, -12.5296 )

[node name="walls12" parent="walls" instance=ExtResource( 6 )]
transform = Transform( -1.31134e-08, 0, 0.3, 0, 0.3, 0, -0.3, 0, -1.31134e-08, -13.3451, 3.46236, -18.5296 )

[node name="walls25" parent="walls" instance=ExtResource( 6 )]
transform = Transform( -1.31134e-08, 0, 0.3, 0, 0.3, 0, -0.3, 0, -1.31134e-08, -13.3451, 3.46236, -24.5138 )

[node name="walls26" parent="walls" instance=ExtResource( 6 )]
transform = Transform( -1.31134e-08, 0, 0.3, 0, 0.3, 0, -0.3, 0, -1.31134e-08, -13.3451, 3.46236, -30.5138 )

[node name="walls27" parent="walls" instance=ExtResource( 6 )]
transform = Transform( -1.31134e-08, 0, 0.3, 0, 0.3, 0, -0.3, 0, -1.31134e-08, -13.3451, 3.46236, -36.5138 )

[node name="walls28" parent="walls" instance=ExtResource( 6 )]
transform = Transform( -1.31134e-08, 0, 0.3, 0, 0.3, 0, -0.3, 0, -1.31134e-08, -13.3451, 3.46236, -42.5138 )

[node name="walls29" parent="walls" instance=ExtResource( 6 )]
transform = Transform( -1.31134e-08, 0, 0.3, 0, 0.3, 0, -0.3, 0, -1.31134e-08, -13.3451, 3.46236, -48.5138 )

[node name="walls30" parent="walls" instance=ExtResource( 6 )]
transform = Transform( -1.31134e-08, 0, 0.3, 0, 0.3, 0, -0.3, 0, -1.31134e-08, -13.3451, 3.46236, -54.5138 )

[node name="walls19" parent="walls" instance=ExtResource( 6 )]
transform = Transform( 3.93403e-08, 0, -0.3, 0, 0.3, 0, 0.3, 0, 3.93403e-08, 12.1079, 3.46236, -18.5296 )

[node name="walls20" parent="walls" instance=ExtResource( 6 )]
transform = Transform( 3.93403e-08, 0, -0.3, 0, 0.3, 0, 0.3, 0, 3.93403e-08, 12.1079, 3.46236, -12.5296 )

[node name="walls21" parent="walls" instance=ExtResource( 6 )]
transform = Transform( 3.93403e-08, 0, -0.3, 0, 0.3, 0, 0.3, 0, 3.93403e-08, 12.1079, 3.46236, -6.52955 )

[node name="walls31" parent="walls" instance=ExtResource( 6 )]
transform = Transform( 3.93403e-08, 0, -0.3, 0, 0.3, 0, 0.3, 0, 3.93403e-08, 12.1079, 3.46236, -36.5148 )

[node name="walls32" parent="walls" instance=ExtResource( 6 )]
transform = Transform( 3.93403e-08, 0, -0.3, 0, 0.3, 0, 0.3, 0, 3.93403e-08, 12.1079, 3.46236, -30.5148 )

[node name="walls33" parent="walls" instance=ExtResource( 6 )]
transform = Transform( 3.93403e-08, 0, -0.3, 0, 0.3, 0, 0.3, 0, 3.93403e-08, 12.1079, 3.46236, -24.5148 )

[node name="walls22" parent="walls" instance=ExtResource( 6 )]
transform = Transform( 3.93403e-08, 0, -0.3, 0, 0.3, 0, 0.3, 0, 3.93403e-08, 12.1079, 3.46236, -0.529551 )

[node name="walls23" parent="walls" instance=ExtResource( 6 )]
transform = Transform( 3.93403e-08, 0, -0.3, 0, 0.3, 0, 0.3, 0, 3.93403e-08, 12.1079, 3.46236, 5.47045 )

[node name="walls24" parent="walls" instance=ExtResource( 6 )]
transform = Transform( 3.93403e-08, 0, -0.3, 0, 0.3, 0, 0.3, 0, 3.93403e-08, 12.1079, 3.46236, 11.4704 )

[node name="walls13" parent="walls" instance=ExtResource( 6 )]
transform = Transform( -0.3, 0, -2.62268e-08, 0, 0.3, 0, 2.62268e-08, 0, -0.3, 13.0671, 3.46236, 10.5677 )

[node name="walls14" parent="walls" instance=ExtResource( 6 )]
transform = Transform( -0.3, 0, -2.62268e-08, 0, 0.3, 0, 2.62268e-08, 0, -0.3, 7.06708, 3.46236, 10.5677 )

[node name="walls15" parent="walls" instance=ExtResource( 6 )]
transform = Transform( -0.3, 0, -2.62268e-08, 0, 0.3, 0, 2.62268e-08, 0, -0.3, 1.06708, 3.46236, 10.5677 )

[node name="walls16" parent="walls" instance=ExtResource( 6 )]
transform = Transform( -0.3, 0, -2.62268e-08, 0, 0.3, 0, 2.62268e-08, 0, -0.3, -4.93292, 3.46236, 10.5677 )

[node name="walls17" parent="walls" instance=ExtResource( 6 )]
transform = Transform( -0.3, 0, -2.62268e-08, 0, 0.3, 0, 2.62268e-08, 0, -0.3, -10.9329, 3.46236, 10.5677 )

[node name="walls18" parent="walls" instance=ExtResource( 6 )]
transform = Transform( -0.3, 0, -2.62268e-08, 0, 0.3, 0, 2.62268e-08, 0, -0.3, -16.9329, 3.46236, 10.5677 )

[node name="coll" type="CSGBox" parent="walls"]
transform = Transform( 20.0098, 0, 0, 0, 3.55928, 0, 0, 0, 1, -5.4841, 3.51192, -39.2974 )
visible = false
use_collision = true

[node name="coll2" type="CSGBox" parent="walls"]
transform = Transform( -8.74654e-07, 0, 1, 0, 3.55928, 0, -30.136, 0, -6.58322e-08, -14.0626, 3.51192, -9.56602 )
visible = false
use_collision = true

[node name="coll4" type="CSGBox" parent="walls"]
transform = Transform( -8.74654e-07, 0, 1, 0, 3.55928, 0, -27.409, 0, -5.98749e-08, 12.5834, 3.51192, -12.9092 )
visible = false
use_collision = true

[node name="coll3" type="CSGBox" parent="walls"]
transform = Transform( -20.0098, 0, -8.74228e-08, 0, 3.55928, 0, 1.74931e-06, 0, -1, -0.0959086, 3.51192, 11.4254 )
visible = false
use_collision = true

[node name="cafebench" parent="." instance=ExtResource( 7 )]
transform = Transform( -2.01033e-08, 0, -0.459909, 0, 0.459909, 0, 0.459909, 0, -2.01033e-08, -0.657312, 0.411715, -0.0950483 )

[node name="CSGBox" type="CSGBox" parent="cafebench"]
transform = Transform( 6.6865, 0, -8.6968e-08, 0, 3.01198, 0, -8.69678e-08, 0, 4.69691, 0, 2.76414, 0 )
visible = false
use_collision = true

[node name="laptop" parent="cafebench" instance=ExtResource( 11 )]
transform = Transform( 0.751622, 0, -0.479039, 0, 0.891299, 0, 0.479039, 0, 0.751622, 5.96046e-08, 3.3512, 1.72333 )

[node name="cafebench4" parent="." instance=ExtResource( 7 )]
transform = Transform( -2.01033e-08, 0, -0.459909, 0, 0.459909, 0, 0.459909, 0, -2.01033e-08, -0.657312, 0.411715, -8.4628 )

[node name="CSGBox" type="CSGBox" parent="cafebench4"]
transform = Transform( 6.6865, 0, -8.69679e-08, 0, 3.01198, 0, -8.69678e-08, 0, 4.69691, 0, 2.55793, 0 )
visible = false
use_collision = true

[node name="cafebench5" parent="." instance=ExtResource( 7 )]
transform = Transform( -2.01033e-08, 0, -0.459909, 0, 0.459909, 0, 0.459909, 0, -2.01033e-08, -0.657312, 0.411715, -15.4766 )

[node name="CSGBox" type="CSGBox" parent="cafebench5"]
transform = Transform( 6.6865, 0, -8.69679e-08, 0, 3.01198, 0, -8.69678e-08, 0, 4.69691, 0, 2.55793, 0 )
visible = false
use_collision = true

[node name="SpotLight" type="SpotLight" parent="."]
transform = Transform( 1, 0, 0, 0, -0.0383704, 0.999264, 0, -0.999264, -0.0383704, 0, 3.93616, 0.51103 )
visible = false
shadow_enabled = true
shadow_bias = 0.2
spot_range = 6.0
spot_angle = 58.0

[node name="SpotLight2" type="SpotLight" parent="."]
transform = Transform( 1, 0, 0, 0, -0.0383704, 0.999264, 0, -0.999264, -0.0383704, 0, 3.93616, -12.4491 )
visible = false
shadow_enabled = true
shadow_bias = 0.2
spot_range = 6.0
spot_angle = 58.0

[node name="SpotLight3" type="SpotLight" parent="."]
transform = Transform( 1, 0, 0, 0, -0.0383704, 0.999264, 0, -0.999264, -0.0383704, 0, 3.93616, -22.9378 )
visible = false
shadow_enabled = true
shadow_bias = 0.2
spot_range = 6.0
spot_angle = 58.0

[node name="door" parent="." instance=ExtResource( 9 )]
transform = Transform( 0.280972, 0, 0, 0, 0.280972, 0, 0, 0, 0.280972, 0, 3.28319, -30.8106 )

[node name="vending2" parent="." instance=ExtResource( 10 )]
transform = Transform( -0.231877, 0, -2.02713e-08, 0, 0.231877, 0, 2.02713e-08, 0, -0.231877, -1.36758, 2.70147, 8.78923 )

[node name="CSGBox" type="CSGBox" parent="vending2"]
transform = Transform( -11.4286, 0, 3.77022e-07, 0, 8.90613, 0, -9.99121e-07, 0, -4.31264, -6.04978, -0.511483, 4.04096 )
visible = false
use_collision = true

[node name="vending" parent="vending2" instance=ExtResource( 1 )]
transform = Transform( 1.1604, 0, 1.40222e-08, 0, 1, 0, 1.40222e-08, 0, 1, -11.3223, 0, 0 )

[node name="counter" parent="." instance=ExtResource( 12 )]
transform = Transform( -4.37114e-08, 0, 1, 0, 1, 0, -1, 0, -4.37114e-08, 8.5813, 1.28882, 2.82873 )

[node name="counter2" parent="." instance=ExtResource( 12 )]
transform = Transform( -4.37114e-08, 0, 1, 0, 1, 0, -1, 0, -4.37114e-08, 8.5813, 1.28882, -8.44831 )

[node name="counter3" parent="." instance=ExtResource( 12 )]
transform = Transform( -4.37114e-08, 0, 1, 0, 1, 0, -1, 0, -4.37114e-08, 8.5813, 1.28882, -19.7001 )

[node name="microwave" parent="." instance=ExtResource( 13 )]
transform = Transform( -2.36897e-08, 0, -0.541956, 0, 0.541956, 0, 0.541956, 0, -2.36897e-08, 8.13897, 2.31531, 0 )

[node name="papertowels" parent="." instance=ExtResource( 14 )]
transform = Transform( -0.424142, 0, -0.502562, 0, 0.657621, 0, 0.502562, 0, -0.424142, 7.92167, 2.02503, -1.28384 )

[node name="PlayerKB" parent="." instance=ExtResource( 8 )]
transform = Transform( 1, 0, 0, 0, 1, 0, 0, 0, 1, 2.56451, 2.99597, 0 )

[node name="music" type="AudioStreamPlayer" parent="."]
stream = ExtResource( 15 )

[node name="beep" type="AudioStreamPlayer3D" parent="."]
transform = Transform( 1, 0, 0, 0, 1, 0, 0, 0, 1, -1.68351, 2.20657, -0.132287 )
stream = ExtResource( 16 )

[node name="WorldEnvironment" type="WorldEnvironment" parent="."]
environment = SubResource( 1 )

[node name="SpotLight4" type="SpotLight" parent="."]
transform = Transform( 1, 0, 0, 0, -4.37114e-08, 1, 0, -1, -4.37114e-08, 0.000544071, 4.72373, 0.554175 )
shadow_enabled = true
shadow_bias = 0.2
spot_range = 15.1
spot_angle = 60.6

[node name="SpotLight5" type="SpotLight" parent="."]
transform = Transform( 1, 0, 0, 0, -4.37114e-08, 1, 0, -1, -4.37114e-08, 0.000544071, 5.03923, -14.0318 )
shadow_enabled = true
shadow_bias = 0.2
spot_range = 16.2
spot_angle = 52.1

[node name="Control" type="Control" parent="."]
margin_right = 1027.0
margin_bottom = 599.0
__meta__ = {
"_edit_use_anchors_": false
}

[node name="UpB" type="Button" parent="Control"]
material = SubResource( 2 )
margin_left = 157.204
margin_top = 322.246
margin_right = 304.204
margin_bottom = 455.246

[node name="LeftB" type="Button" parent="Control"]
material = SubResource( 2 )
margin_left = 6.7944
margin_top = 417.655
margin_right = 153.794
margin_bottom = 550.655

[node name="RightB" type="Button" parent="Control"]
material = SubResource( 2 )
margin_left = 310.38
margin_top = 415.41
margin_right = 457.38
margin_bottom = 548.41

[node name="DownB" type="Button" parent="Control"]
material = SubResource( 2 )
margin_left = 158.041
margin_top = 462.204
margin_right = 308.041
margin_bottom = 597.204
__meta__ = {
"_edit_use_anchors_": false
}

[node name="UpT" type="TouchScreenButton" parent="Control"]
position = Vector2( 153.777, 321.024 )
shape = SubResource( 3 )
action = "ui_up"

[node name="DownT" type="TouchScreenButton" parent="Control"]
position = Vector2( 157.145, 462.454 )
shape = SubResource( 3 )
action = "ui_down"

[node name="LeftT" type="TouchScreenButton" parent="Control"]
position = Vector2( -1.1225, 416.433 )
shape = SubResource( 3 )
action = "ui_left"

[node name="RightT" type="TouchScreenButton" parent="Control"]
position = Vector2( 309.799, 411.944 )
shape = SubResource( 3 )
action = "ui_right"

[editable path="PlayerKB"]
